 Dungeon Crawl Stone Soup version 0.22.0-6-g71bd7aa6b3 (webtiles) character file.

114 IceCat the Shield-Bearer (level 5, -3/42 HPs)
             Began as a Formicid Fighter on Aug 14, 2018.
             Killed by divine providence
             ... invoked by an orc priest
              (14 damage)
             ... on level 3 of the Dungeon.
             The game lasted 00:03:31 (1740 turns).

IceCat the Shield-Bearer (Formicid Fighter)         Turns: 1740, Time: 00:03:34

Health: -3/42      AC:  7    Str: 26    XL:     5   Next: 18%
Magic:  5/5        EV:  8    Int:  8    God:
Gold:   149        SH: 10    Dex: 10    Spells: 4/4 levels left

rFire    . . .     SeeInvis +   a - +0 long sword
rCold    . . .     Gourm    .   c - +0 shield
rNeg     . . .     Faith    .   b - +0 scale mail
rPois    .         Spirit   .   (helmet unavailable)
rElec    .         Reflect  .   (no cloak)
rCorr    .         Harm     .   (no gloves)
MR       .....                  (no boots)
Stlth    ..........             (no amulet)
HPRegen  0.14/turn              (no ring)
MPRegen  0.09/turn              (no ring)

@: mighty
A: permanent stasis, dig shafts and tunnels, four strong arms, antennae 3
a: Dig, Shaft Self


You were on level 3 of the Dungeon.
You were very hungry.

You visited 1 branch of the dungeon, and saw 3 of its levels.

You collected 149 gold pieces.

Inventory:

Hand Weapons
 a - a +0 long sword (weapon)
Armour
 b - a +0 scale mail (worn)
 c - a +0 shield (worn)
Jewellery
 j - an uncursed amulet of the gourmand {unknown}
Scrolls
 h - 2 scrolls of identify {unknown}
 k - a scroll of remove curse {unknown}
 l - a scroll of amnesia {unknown}
 m - a scroll of fog {unknown}
 n - a scroll of teleportation {unknown}
 o - a scroll of magic mapping {unknown}
Potions
 d - a potion of might
 e - 2 potions of berserk rage {unknown}
 g - a potion of cancellation {unknown}
 i - a potion of agility {unknown}
Comestibles
 f - 8 rations


   Skills:
 + Level 3.6 Fighting
 * Level 3.8 Long Blades
 + Level 3.7 Armour
 + Level 1.0 Dodging
 + Level 4.1 Shields


You had 4 spell levels left.
You didn't know any spells.
Your spell library was empty.

Dungeon Overview and Level Annotations

Branches:
Dungeon (3/15)

Altars:
Makhleb
Okawaru
Uskayaw


Innate Abilities, Weirdness & Mutations

You cannot be hasted, slowed, berserked, paralysed or teleported.
You can dig through walls and to a lower floor.
Your four strong arms can wield two-handed weapons with a shield.
You have a pair of large antennae on your head. (SInv)


Message History

You barely miss the orc. You block the orc's attack.
You hit the orc but do no damage.
A ball python comes into view.
The orc priest calls down the wrath of Beogh upon you.
Beogh smites you!
* * * LOW HITPOINT WARNING * * *
You block the orc's attack.
The ball python moves out of view.
You feel very mighty all of a sudden. You block the orc's attack.
The ball python hisses angrily.
You slice the orc!!
You kill the orc!
The goblin completely misses you.
You hit the goblin.
You kill the goblin!
An orc comes into view.
You block the hobgoblin's attack.
The orc priest mumbles some strange prayers to Beogh against you.
Beogh smites you!
You die...

.#.#.## #.....#.#.# #.######...
.#....#####.....#.#.###.#....#.##
....gg....').........>#.#.##.#...
.#....#.###.g...#.#.#.#.#.##.####
##....#.# #.....#.#.#.#......#
...#'##.# #.#####.#.#.###.#######
####.##.# #...g##.#.#.#..........
#.##.# #..gg##.#.#.#.#.######[
#.##.# #...og@.#.#.#.#.# #. .
#.##.# #...g##'#.#.#.#.# #.
...#.##.# #....#....#.#.#.# #.
...#.# #....#........#.# #. ...
#....#...##.###.######. ..
......#...##............ ..
..{..###...######.####### . .....
#...# #........ #.{.# #########


You could see an orc priest, 2 gnolls and 2 hobgoblins.

Vanquished Creatures
  A hound (D:2)
  A hound zombie (D:2)
  An adder (D:3)
  4 worms
  3 leopard geckos
  2 orcs (D:3)
  A ball python (D:3)
  A giant cockroach (D:3)
  2 hobgoblins (D:2)
  6 jackals
  A quokka (D:3)
  8 bats
  2 frilled lizards (D:3)
  4 goblins
  3 kobolds (D:2)
  4 rats
44 creatures vanquished.

Notes
Turn   | Place    | Note
-------+----------+-------------------------------------------
     0 | D:1      | IceCat the Formicid Fighter began the quest for the Orb.
     0 | D:1      | Reached XP level 1. HP: 18/18 MP: 1/1
   142 | D:1      | Reached XP level 2. HP: 10/24 MP: 2/2
   769 | D:2      | Found an iron altar of Okawaru.
   946 | D:2      | Reached XP level 3. HP: 29/29 MP: 3/3
  1036 | D:2      | Found a hide-covered altar of Uskayaw.
  1078 | D:2      | Reached skill level 4 in Shields
  1091 | D:2      | Found a burning altar of Makhleb.
  1098 | D:2      | Reached skill level 1 in Dodging
  1098 | D:2      | Reached XP level 4. HP: 24/36 MP: 4/4
  1659 | D:3      | Reached XP level 5. HP: 34/42 MP: 5/5
  1740 | D:3      | Killed from afar by an orc priest

Skill      XL: |  1  2  3 |
---------------+----------+-----
Shields        | 4 |  4.1
Long Blades    | 3 |  3.8
Dodging        | 1 |  1.0
Fighting       | |  3.6
Armour         | |  3.7

Action                   |  1- 3 |  4- 6 || total
-------------------------+-------+-------++-------
Melee: Long sword        |    94 |    53 ||   147
 Abil: Dig               |       |     2 ||     2
  Use: Potion            |       |     1 ||     1
  Eat: Chunk             |       |     2 ||     2
Armor: Scale mail        |    47 |    25 ||    72
Dodge: Dodged            |    44 |    16 ||    60
Block: Shield            |    60 |    36 ||    96
       Rpst.: Long sword |    17 |     6 ||    23
